Cogmind - Beta 16.1 @@@ ROGUE MODE // 2026.02.24 @ 07:20:35 Player: Rocket Result: Self-destructed Performance ------------- Evolutions (2) 1000 Regions Visited (5) 1000 Robots Destroyed (51) 255 Value Destroyed (1340) 1340 Prototype IDs (1) 20 Alien Tech Used (0) 0 Bonus (72) 72 TOTAL SCORE: 3687 Bonus ------- High Alert Combat Kills 37 Follower Combat Kills 35 Cogmind --------- Core Integrity 117/550 Matter 201/300 Energy 142/280 System Corruption 9% Temperature Warm (111) Movement Treading (970) Ox10 Location -8/Materials Parts ------- > --- POWER (1) -------- Heavy Ion Engine > --- PROPULSION (4) --- Armored Treads Aluminum Leg > --- UTILITY (4) ------ Humpback Hacking Suite > --- WEAPON (2) ------- Light EM Pulse Cannon > --- INVENTORY (35) --- Ion Engine Heavy Ion Engine Light Nuclear Core Wheel High-capacity Matter Pod (200) High-capacity Matter Pod (200) Advanced Terrain Scan Processor Light Armor Plating Light Armor Plating EM Disruption Field EM Disruption Field Light EM Pulse Cannon Mining Laser Blade Saw Makeshift Sword Peak State ------------ > --- POWER ------------ Light Nuclear Core > --- PROPULSION ------- Wheel Compact Wheel Armored Wheel Armored Wheel > --- UTILITY ---------- Humpback Weapon Shielding Improved Light Armor Plating > --- WEAPON ----------- Light EM Pulse Cannon Makeshift Sword > --- INVENTORY -------- Ion Engine Ion Engine Light Treads Armored Treads High-capacity Matter Pod High-capacity Matter Pod Advanced Terrain Scan Processor Light Armor Plating Light Armor Plating EM Disruption Field EM Disruption Field Light EM Pulse Cannon Light EM Pulse Cannon Light EM Pulse Cannon Rocket Launcher Mining Laser [Rating: 24] Favorites ----------- Power Ion Engine Engine Ion Engine Power Core Light Nuclear Core Propulsion Light Treads Treads Light Treads Leg Aluminum Leg Wheel Wheel Utility Large Storage Unit Storage Large Storage Unit Hackware Hacking Suite Protection Light Armor Plating Weapon Light Assault Rifle Energy Gun EM Pulse Gun Energy Cannon Light EM Pulse Cannon Ballistic Gun Light Assault Rifle Ballistic Cannon Light Cannon Launcher Rocket Launcher Slashing Weapon Makeshift Sword Build | -11 -10 -10 -10 -9 -8 ------- Run | Yrd Mat Min Exi Min Mat Slots Evolved 4 | . . . . . 4 Power . | . . . . . . Propulsion 2 | . . . . . 2 Utility 2 | . . . . . 2 Weapon . | . . . . . . Parts Attached 35 | 7 2 5 1 8 12 Power 3 | 1 . . . . 2 Engine 2 | 1 . . . . 1 Core 1 | . . . . . 1 Reactor . | . . . . . . Propulsion 12 | 3 . 3 . 2 4 Treads 5 | . . 3 . . 2 Leg 1 | . . . . . 1 Wheel 6 | 3 . . . 2 1 Hover . | . . . . . . Flight . | . . . . . . Utility 11 | 1 2 2 1 1 4 Device . | . . . . . . Storage 4 | 1 1 . 1 . 1 Processor . | . . . . . . Hackware 1 | . . . . . 1 Protection 6 | . 1 2 . 1 2 Artifact . | . . . . . . Weapon 9 | 2 . . . 5 2 Energy Gun 1 | . . . . 1 . Energy Cannon 3 | . . . . 1 2 Ballistic Gun 2 | 2 . . . . . Ballistic Cannon 1 | . . . . 1 . Launcher 1 | . . . . 1 . Special Weapon . | . . . . . . Impact Weapon . | . . . . . . Slashing Weapon 1 | . . . . 1 . Piercing Weapon . | . . . . . . Special Melee Weapon . | . . . . . . Unidentified Prototypes 1 | . . . . . 1 Corrupted Parts 1 | . . . . . 1 System Corruption 7 | . . . . . 7 Parts Lost 13 | . . . . . 13 Power . | . . . . . . Propulsion 8 | . . . . . 8 Utility 2 | . . . . . 2 Weapon 3 | . . . . . 3 Highest Loss Streak 5 | . . . . . 5 To Critical Strikes . | . . . . . . Average Backups 13 | 3 7 13 14 14 14 Power 1 | . 1 2 1 1 1 Propulsion 3 | 1 3 4 4 4 1 Utility 5 | . 2 4 5 5 6 Weapon 3 | . 1 2 3 3 4 Tool/Special . | . . . . . . Unused Backups 17 | . 2 . 2 2 11 Power 3 | . . . 1 . 2 Propulsion 2 | . . . 1 . 1 Utility 7 | . 1 . . 1 5 Weapon 4 | . . . . 1 3 Tool/Special 1 | . 1 . . . . Average Slot Usage (%) 95 | . 96 100 100 98 81 Engine 12 | . 14 14 14 14 8 Treads 18 | . . 24 28 19 8 Wheel 9 | . 28 3 . 7 21 Storage 12 | . 14 14 14 14 9 Protection 13 | . 10 14 14 14 13 Energy Cannon 2 | . . . . 4 6 Ballistic Gun 19 | . 28 28 28 12 . Launcher 2 | . . . . 6 6 Slashing Weapon 1 | . . . . 2 3 Peak Build Rating 24 | 6 7 8 8 14 24 Average Rating 10 | 4 6 8 8 10 20 On Entrance 7 | . 6 7 8 8 14 Avg Prop Armor Cover (%) 9 | . . . . 11 6 Naked Turns . | . . . . . . Heaviest Build 218 | 12 28 30 30 36 218 Greatest Support 60 | 26 20 40 40 40 60 Greatest Overweight (x) 21 | . 1 1 . 2 21 Average Overweight (x) . | . . . . . 4 Largest Inventory Capacity 35 | 8 15 15 15 15 35 Average Capacity 18 | 7 9 15 15 15 34 Most Carried 17 | 5 11 15 15 15 17 Average Carried 13 | 3 7 13 14 14 15 Final Capacity 35 | 8 15 15 15 15 35 Final Carried 15 | 5 11 15 15 15 15 Class Distribution -------------------- 76% | Mutant 23% | Hauler-Mutant Dominant Class ---------------- Mutant | -10/Materials Mutant | -10/Mines Mutant | -10/Exiles Mutant | -9/Mines Hauler-Mutant | -8/Materials Resources | -11 -10 -10 -10 -9 -8 ----------- Run | Yrd Mat Min Exi Min Mat Matter Collected 1323 | 205 119 312 208 112 367 Remotely . | . . . . . . Salvage Created 1448 | 11 154 198 . 136 949 Parts 100 | 3 18 10 . 4 65 Haulers Intercepted 1 | . . . . . 1 Recyclers Shooed 3 | 1 1 . . . 1 Parts Field Recycled . | . . . . . . Retrieved Matter . | . . . . . . Parts Self-Destructed . | . . . . . . Prevented . | . . . . . . Parts Restored . | . . . . . . Kills | -11 -10 -10 -10 -9 -8 ------- Run | Yrd Mat Min Exi Min Mat Combat Hostiles Destroyed 31 | . 4 2 . 1 24 Melee 1 | . . . . . 1 Guns 7 | . 4 2 . 1 . Cannons 5 | . . . . . 5 AOE 18 | . . . . . 18 Classes Destroyed 10 | 1 4 2 . . 3 Worker 3 | . . . . . 3 Builder 8 | . 2 . . . 6 Tunneler 2 | 1 . 1 . . . Hauler 1 | . . . . . 1 Recycler 3 | . . 1 . 1 1 Watcher 3 | . 1 . . . 2 Swarmer 4 | . 2 . . . 2 Cutter 3 | . . . . . 3 Grunt 20 | . 2 . . 1 17 Sentry 4 | . . 2 . . 2 Best Kill Streak 17 | 1 3 2 . 1 17 Combat Bots Only 12 | . 3 2 . 1 12 Max Kills in Single Turn 3 | 1 2 1 . 1 3 Gunslinging . | . . . . . . Exploded 3 | . . . . . 3 Melee 1 | . . . . . 1 Uniques/NPCs Destroyed . | . . . . . . Combat | -11 -10 -10 -10 -9 -8 -------- Run | Yrd Mat Min Exi Min Mat Hostile Shots Fired 178 | . 15 28 . 13 122 Missed 57 | . 4 10 . 3 40 Hits 121 | . 11 18 . 10 82 Melee 5 | . . . . . 5 Projectile 116 | . 11 18 . 10 77 AOE 2 | . . . . . 2 Critical Strikes 5 | . . . . 1 4 Damage Taken 2307 | . 121 273 . 151 1762 Core 546 | . 38 59 . 16 433 Absorbed by Shields . | . . . . . . Redirected to Shielding 71 | . 6 . . . 65 Core Remaining (%) 77 | 100 . . . 54 . Volleys Fired 120 | 4 27 21 . 11 57 Largest 2 | 2 2 2 . 2 1 Hottest 56 | 40 40 40 . 40 56 Shots Fired 183 | 8 54 42 . 22 57 Gun 126 | 8 54 42 . 22 . Cannon 36 | . . . . . 36 Launcher 21 | . . . . . 21 Special . | . . . . . . Kinetic 126 | 8 54 42 . 22 . Thermal . | . . . . . . Explosive 21 | . . . . . 21 Electromagnetic 36 | . . . . . 36 Robot Hit Streak 16 | 3 7 15 . 16 9 Robot Miss Streak 4 | 1 4 2 . 2 3 Penetration Max . | . . . . . . Secondary Targets 1 | . . 1 . . . Max Gunslinging Chain 1 | . . 1 . . . Shots Hit Robots 118 | 6 23 30 . 14 45 Core Hits 105 | 2 12 11 . 5 75 Critical Kills . | . . . . . . Critical Parts Destroyed 2 | 1 . 1 . . . Critical Strikes 5 | 1 . 1 . . 3 Destroy 2 | 1 . 1 . . . Corrupt 1 | . . . . . 1 Sever 2 | . . . . . 2 Melee Attacks 10 | . . . . 1 9 Impact . | . . . . . . Slashing 10 | . . . . 1 9 Piercing . | . . . . . . Sneak Attacks 3 | . . . . 1 2 Combat Hostiles . | . . . . . . Follow-up Attacks . | . . . . . . Damage Inflicted 4163 | 44 216 261 . 173 3469 Guns 619 | 44 216 261 . 98 . Cannons 680 | . . . . . 680 Explosions 2507 | . . . . . 2507 Melee 357 | . . . . 75 282 Ramming . | . . . . . . Kinetic 619 | 44 216 261 . 98 . Thermal 46 | . . . . . 46 Explosive 2461 | . . . . . 2461 Electromagnetic 680 | . . . . . 680 Impact . | . . . . . . Slashing 357 | . . . . 75 282 Piercing . | . . . . . . Highest Corruption 9 | . . . . . 9 Average Corruption 4 | . . . . . 4 Corruption Purged . | . . . . . . Corruption Blocked . | . . . . . . Effects 8 | . . . . . 8 Message Errors 3 | . . . . . 3 Heat Flow Errors 3 | . . . . . 3 Energy Discharges 2 | . . . . . 2 Overload Shots . | . . . . . . Overflow Damage 101 | . . . . 35 66 Projectiles . | . . . . . . Explosions 24 | . . . . . 24 Melee 77 | . . . . 35 42 Knockbacks . | . . . . . . Impact . | . . . . . . Kinetic . | . . . . . . Secondary . | . . . . . . Self-Inflicted Damage 89 | . . . . . 89 Shots 2 | . . . . . 2 Rammed . | . . . . . . Targets Rammed . | . . . . . . Kicked . | . . . . . . Crushed . | . . . . . . Highest Temperature 244 | . 6 56 . 74 244 Average Temperature 35 | . 6 20 . 45 40 Received Heat Transfer 642 | . 12 90 . 108 432 Siege Activations . | . . . . . . Martial Activations . | . . . . . . Shielding Activations . | . . . . . . Robots Disrupted . | . . . . . . Combat Hostiles . | . . . . . . Robots Corrupted . | . . . . . . Combat Hostiles . | . . . . . . Parts Fried . | . . . . . . Impact Corruptions . | . . . . . . Robots Melted . | . . . . . . Combat Hostiles . | . . . . . . Parts Melted . | . . . . . . Heat Transferred 50 | . . . . . 50 Parts Sabotaged . | . . . . . . Parts Stolen . | . . . . . . Parts Stripped . | . . . . . . Power Chain Reactions 1 | . . . . . 1 Alert | -11 -10 -10 -10 -9 -8 ------- Run | Yrd Mat Min Exi Min Mat Maximum Alert Level 2 | . . . . . 2 Low Security (%) 84 | 100 100 100 . 100 52 Level 1 1 | . . . . . 4 Level 2 14 | . . . . . 42 Level 3 . | . . . . . . Level 4 . | . . . . . . Level 5 . | . . . . . . High Security . | . . . . . . Max Security . | . . . . . . Peak Influence 559 | 5 106 41 . 45 559 Initial 28 | . . 28 . . . Average 97 | 1 34 4 . 7 266 Influence Increases 1118 | 5 163 51 . 50 849 Destroy 0b10 Robot/C 640 | . 80 40 . 20 500 Destroy 0b10 Robot/NC 100 | 5 15 10 . 5 65 Destroy Leader 128 | . 22 . . 10 96 Allied During Kill 13 | . . . . . 13 Successful Hack 28 | . 16 . . . 12 Destroy Structure 104 | . . 1 . . 103 Partial Spotted 15 | . . . . . 15 Lose Combat Pursuer 90 | . 30 . . 15 45 Influence Decreases 689 | 5 90 124 . 50 420 Entered New Map 45 | . . 45 . . . Time Decay 474 | 5 90 79 . 50 250 Lost Part 130 | . . . . . 130 Lost Ally 40 | . . . . . 40 Squads Dispatched 12 | . 2 . . . 10 Investigation 2 | . 2 . . . . Extermination . | . . . . . . Reinforcement 6 | . . . . . 6 Assault . | . . . . . . Garrison 4 | . . . . . 4 Intercept . | . . . . . . Searches Triggered . | . . . . . . Construction Impeded 1 | . . . . . 1 Haulers Reinforced . | . . . . . . Active Scanning Responses . | . . . . . . Cargo Convoy Interrupts . | . . . . . . Stealth | -11 -10 -10 -10 -9 -8 --------- Run | Yrd Mat Min Exi Min Mat Distress Signals 7 | . 2 . . . 5 Communications Jammed . | . . . . . . Distress Signals . | . . . . . . Times Spotted 58 | . 10 2 . 2 44 Peak Tracking Total 12 | . 5 2 . 2 12 Tactical Retreats 5 | . 1 . . 1 3 Traps | -11 -10 -10 -10 -9 -8 ------- Run | Yrd Mat Min Exi Min Mat Traps Triggered 2 | . 1 . . . 1 Indirectly . | . . . . . . Trap Hack Attempts . | . . . . . . Triggered . | . . . . . . Disarmed . | . . . . . . Reprogrammed . | . . . . . . Reused . | . . . . . . Traps Extracted . | . . . . . . Installed . | . . . . . . Triggered . | . . . . . . Machines | -11 -10 -10 -10 -9 -8 ---------- Run | Yrd Mat Min Exi Min Mat Machines Disabled . | . . . . . . Max in Single Turn . | . . . . . . Machines Repaired . | . . . . . . Machines Dismantled . | . . . . . . Machines Sabotaged . | . . . . . . Overloaded Fab Kills . | . . . . . . Hacking | -11 -10 -10 -10 -9 -8 --------- Run | Yrd Mat Min Exi Min Mat Machines Accessed 7 | . 4 . 2 . 1 Terminals 4 | . 4 . . . . Fabricators . | . . . . . . Repair Stations . | . . . . . . Recycling Units . | . . . . . . Scanalyzers 1 | . . . . . 1 Garrison Access . | . . . . . . Total Hacks 36 | . 10 . 24 . 2 Successful 27 | . 2 . 24 . 1 Failed 8 | . 8 . . . . Catastrophic 2 | . 2 . . . . Database Lockouts 1 | . . . . . 1 Manual 9 | . 9 . . . . Terminals 10 | . 10 . . . . Fabricators . | . . . . . . Repair Stations . | . . . . . . Recycling Units . | . . . . . . Scanalyzers 2 | . . . . . 2 Garrison Access . | . . . . . . Terminal Hacks 26 | . 2 . 24 . . Record 24 | . . . 24 . . Part Schematic 1 | . 1 . . . . Branch Access Points 1 | . 1 . . . . Fabricator Hacks . | . . . . . . Repair Station Hacks . | . . . . . . Recycling Unit Hacks . | . . . . . . Scanalyzer 1 | . . . . . 1 Retrieve Study 1 | . . . . . 1 Garrison Access Hacks . | . . . . . . Unauthorized Hacks . | . . . . . . Terminals . | . . . . . . Fabricators . | . . . . . . Repair Stations . | . . . . . . Recycling Units . | . . . . . . Scanalyzers . | . . . . . . Garrison Access . | . . . . . . Data Cores Recovered . | . . . . . . Used . | . . . . . . Hacking Detections 4 | . 4 . . . . Full Trace Events 2 | . 2 . . . . Feedback Events . | . . . . . . Feedback Blocked . | . . . . . . Robot Schematics Acquired . | . . . . . . Robots Built . | . . . . . . Authchips . | . . . . . . Time . | . . . . . . Total Robot Build Rating . | . . . . . . Part Schematics Acquired 1 | . 1 . . . . Parts Built . | . . . . . . Authchips . | . . . . . . Time . | . . . . . . Total Part Build Rating . | . . . . . . Part Studies Acquired 1 | . . . . . 1 Parts Repaired . | . . . . . . Time . | . . . . . . Parts Recycled . | . . . . . . Recycled Matter . | . . . . . . Retrieved Matter . | . . . . . . Retrieved Components . | . . . . . . Parts Scanalyzed . | . . . . . . Part Schematics Acquired . | . . . . . . Parts Damaged . | . . . . . . Bothacking | -11 -10 -10 -10 -9 -8 ------------ Run | Yrd Mat Min Exi Min Mat Used RIF Installer . | . . . . . . Robots Hacked . | . . . . . . Non-combat . | . . . . . . Combat . | . . . . . . Robot Hacks Applied . | . . . . . . Relay Couplers Released . | . . . . . . Fabnet Peak Effective % . | . . . . . . Robots Rewired . | . . . . . . Allies Hacked . | . . . . . . Hacks Repelled . | . . . . . . Allies | -11 -10 -10 -10 -9 -8 -------- Run | Yrd Mat Min Exi Min Mat Total Allies 3 | . . . . 3 . Largest Group 3 | . . . . 3 3 Highest-Rated Group 40 | . . . . 40 40 Highest-Rated Ally 16 | . . . . 16 16 Total Orders . | . . . . . . Ally Attacks 26 | . . . . . 26 Total Damage 291 | . . . . . 291 Kills 2 | . . . . . 2 Allies Corrupted . | . . . . . . Allies Melted . | . . . . . . Intel | -11 -10 -10 -10 -9 -8 ------- Run | Yrd Mat Min Exi Min Mat Active Infowar (turns) . | . . . . . . Robot Analysis Total . | . . . . . . Derelict Logs Recovered 1 | . . 1 . . . Drone Launches . | . . . . . . Drone Recoveries . | . . . . . . Exploration | -11 -10 -10 -10 -9 -8 ------------- Run | Yrd Mat Min Exi Min Mat Turns Passed 3010 | 72 321 721 909 282 705 Spaces Moved 1715 | 57 286 427 567 161 217 Core 4 | 4 . . . . . Treads 1045 | . . 373 567 74 31 Legs 5 | . . . . . 5 Wheels 661 | 53 286 54 . 87 181 Hover . | . . . . . . Flight . | . . . . . . Fastest Speed 50 | 50 80 95 160 105 140 Average Speed 149 | 82 83 151 160 135 233 Slowest Speed 1590 | 90 95 160 160 160 1590 Overloaded Moves . | . . . . . . Propulsion Burnouts . | . . . . . . Robots Hopped . | . . . . . . Potential Cave-ins . | . . . . . . Cave-ins Triggered . | . . . . . . Exploration Rate (%) 48 | 4 54 82 89 34 30 Regions Visited 5 Branch Regions 3 Pre-discovered Areas 1 | . . . 1 . . Known Exits Taken 1 | . 1 . . . . Unknown Exits Taken 4 | 1 . 1 1 1 . Scrap Searched 2 | . . 1 . 1 . Spaces Dug . | . . . . . . Terrain Destroyed 145 | . . . . . 145 Melee . | . . . . . . Projectile . | . . . . . . AOE 145 | . . . . . 145 Terrain Rammed . | . . . . . . Walls Destroyed . | . . . . . . Machines Disabled . | . . . . . . Actions | -11 -10 -10 -10 -9 -8 --------- Run | Yrd Mat Min Exi Min Mat Total 1982 | 71 326 465 571 206 343 Wait 32 | . . 8 . 12 12 Move 1710 | 56 285 426 566 160 217 Hop . | . . . . . . Pick Up 33 | 4 8 4 1 4 12 Fast Attach 21 | 6 1 . . 6 8 Attach 12 | . . 1 . . 11 Detach 1 | . . . . . 1 Swap 20 | 1 1 4 1 2 11 Drop 23 | . 4 1 3 10 5 Fire 120 | 4 27 21 . 11 57 Melee 10 | . . . . 1 9 Ram . | . . . . . . Kick . | . . . . . . Crush . | . . . . . . Escape Stasis . | . . . . . . Rewire . | . . . . . . Trap . | . . . . . . Miscellaneous . | . . . . . . Route ------- -11/Scrapyard -10/Materials (discovered 3 exits: *Min x2 / [*Sub]) -10/Mines (discovered 3 exits: [*Mat x2] / *Exi) -10/Exiles -9/Mines -8/Materials (discovered 1 exit: Fac) History --------- Turn | Location | Event 5 | -11/Scrapyard | Discovered new exit (range 16) 73 | -11/Scrapyard | Entered Materials 161 | -10/Materials | Discovered new exit (range 5) 304 | -10/Materials | Build established: Mutant 313 | -10/Materials | Identified exit to Mines 394 | -10/Materials | Entered Mines 403 | -10/Mines | Met a Derelict bent on vengeance 518 | -10/Mines | Learned location of 1 exit from Materials 747 | -10/Mines | Discovered new exit (range 6) 894 | -10/Mines | Discovered new exit (range 6) 1107 | -10/Mines | Deemed a non-threat by the Exiles lab entrance 1109 | -10/Mines | Discovered new exit (range 5) 1115 | -10/Mines | Entered Exiles 1154 | -10/Exiles | Met 8R-AWN 1183 | -10/Exiles | Met EX-HEX 1322 | -10/Exiles | Met EX-DEC 1374 | -10/Exiles | Visited The Gauntlet 1573 | -10/Exiles | Learned location of Zion (-7) 1604 | -10/Exiles | Met EX-BIN 1942 | -10/Exiles | Discovered new exit (range 15) 2024 | -10/Exiles | Entered Mines 2247 | -9/Mines | A weapon hastily lodged in a ceiling crevice suddenly fell to the ground 2261 | -9/Mines | Discovered new exit (range 14) 2296 | -9/Mines | Assisted by bots powering up and referring to "LRC-V3" 2306 | -9/Mines | Entered Materials 2306 | -8/Materials | Accompanied by 3 allies 2306 | -8/Materials | Evolved 4 slots: Propulsion x2, Utility x2 2307 | -8/Materials | Identified exit to Factory 2416 | -8/Materials | Central database locked down 2567 | -8/Materials | Garrison activated, responded to threat 2610 | -8/Materials | Build established: Hauler-Mutant 2680 | -8/Materials | Garrison activated, responded to threat 2721 | -8/Materials | Lost 5 parts (4n1u) 2729 | -8/Materials | Destroyed 12 combat bots 2992 | -8/Materials | Core integrity fell below 50% 3011 | -8/Materials | Self-destructed Last Messages --------------- 02973_ Penetrated by Slug. 02973_ Weapon Shielding destroyed. 02973_ Lgt. EM Pulse Cannon destroyed. 02973_ Knocked back. 02974_ Acquired 63 matter. 02979_ Lgt. Treads destroyed. 02979_ Rocket Launcher destroyed. 02981_ Penetrated by Slug. 02981_ Knocked back. 02984_ Acquired 44 matter. 02985_ Knocked back. 02989_ OUY |T8&>XRHC/=&K6 L|5XL 02989_ H-61 Shepherd calls for reinforcements. 02989_ ALERT: Hostile activity reported, dispatching reinforcements to area. 02991_ Penetrated by Slug. 02991_ Knocked back. 02992_ Acquired 7 matter. 02998_ Wheel destroyed. 03001_ Penetrated by Slug. Map ----- +----------------------------------------------------+ | ?????????????????????????????????????????????????? | | ?????????????????????????????????????????????????? | | ?????????????????????????????????????????????????? | | ?????????????????????????????????????????????????? | | ?????????????????????????????????????????????????? | | ?????????????????????????????????????????????????? | | ?????????????????????????????????????????????????? | | ?????????????????????????????????????????????????? | | ?????????????????????????????????????????????????? | | ???????????????????????????????????